 Dungeon Crawl Stone Soup version 0.28.0-53-g5a82cb258f (webtiles) character file.

Game seed: 5617344520897452360

43 Atelerd the Digger (level 3, 0/17 (21) HPs)
             Began as an Octopode Earth Elementalist on June 7, 2022.
             Shot with a stone by a goblin (1 damage)
             ... led by Robin
             ... on level 2 of the Dungeon.
             The game lasted 00:01:47 (1742 turns).

Atelerd the Digger (Octopode Earth Elementalist)    Turns: 1742, Time: 00:01:47

HP:   0/17 (21)     AC:  1    Str:  7    XL:     3   Next: 58%
MP:   4/6           EV: 13    Int: 19    God:
Gold: 38            SH:  0    Dex: 12    Spells: 6/7 levels left

rFire   . . .      SeeInvis .   g - +2 short sword (holy)
rCold   . . .      Faith    .   (no shield)
rNeg    . . .      Spirit   .   (helmet restricted)
rPois   .          Reflect  .   (no amulet)
rElec   .          Harm     .   (no ring)
rCorr   .          Rampage  .   (no ring)
Will    .....                   (no ring)
Stlth   +++.......              (no ring)
HPRegen 0.05/turn               (no ring)
MPRegen 0.10/turn               (no ring)
                                (no ring)
                                (no ring)

@: heavily drained
A: almost no armour, amphibious, 8 rings, camouflage 1, gelatinous body 1,
(nimble swimmer 1), tentacles
a: no special abilities


You were on level 2 of the Dungeon.
You visited 1 branch of the dungeon, and saw 2 of its levels.

You collected 38 gold pieces.

Inventory:

Hand Weapons
 a - a +0 dagger
 g - a +2 short sword of holy wrath (weapon)
Missiles
 b - 78 stones
Scrolls
 d - a scroll of fear {unknown}
 e - a scroll of identify {unknown}
 f - a scroll of immolation {unknown}
 h - a scroll of amnesia {unknown}
Potions
 c - a potion of heal wounds


   Skills:
 - Level 2.0 Dodging
 - Level 2.6 Stealth
 + Level 2.6 Spellcasting
 + Level 2.0 Transmutations
 + Level 3.5 Earth Magic


You had 6 spell levels left.
You knew the following spells:

 Your Spells              Type           Power      Damage    Failure   Level
a - Sandblast             Erth           30%        2d9       3%          1

Your spell library contained the following spells:

 Spells                   Type           Power      Damage    Failure   Level
 Passwall                 Tmut/Erth      10%        N/A       8%          2
 Stone Arrow              Conj/Erth      18%        3d8       22%         3
 Petrify                  Tmut/Erth      13%        N/A       45%         4


Dungeon Overview and Level Annotations

Branches:
Dungeon (2/15)

Altars:

Annotations:
D:1 exclusion: downstairs, Robin


Innate Abilities, Weirdness & Mutations

You cannot wear most types of armour.
You are amphibious.
You can wear up to eight rings at the same time.
Your skin changes colour to match your surroundings (Stealth+).
Your rubbery body absorbs attacks. (AC +1, EV +1)
((You are camouflaged when in or above water. (Stealth+)))
You have tentacles for arms and can constrict up to eight enemies at once.


Message History

You climb downwards.
Level annotation: Robin
There is a stone staircase leading up here.
The blast of sand hits Robin but does no damage.
The blast of sand hits Robin but does no damage.
Robin barely misses you.
Robin hits you with a +1 short sword of draining.
You feel drained.
You climb upwards.
Level annotation: exclusion: downstairs
There is a stone staircase leading down here.
The blast of sand hits Robin!
Robin is heavily wounded.
Robin completely misses you.
You barely miss Robin. Your grab misses Robin.
Robin is heavily wounded.
Robin says, "Feeling lonely?"
Robin hits you with a +1 short sword of draining.
You feel drained. Robin closely misses you.
The blast of sand hits Robin.
Robin is severely wounded.
Robin misses you.
The blast of sand hits Robin.
Robin is almost dead.
Robin drinks a potion.
Robin is healed!
The blast of sand hits Robin.
Robin is moderately wounded.
Robin hits you with a +1 short sword of draining.
You feel drained.
Robin says, "My goblins will feast on your bones."
Unknown command.
There is a stone staircase leading down, spattered with blood here.
You climb downwards.
The goblin shoots a stone.
The stone hits you.
* * * LOW HITPOINT WARNING * * *
There is a stone staircase leading up here.
A goblin is nearby!
The goblin shoots a stone.
The stone hits you.
* * * LOW HITPOINT WARNING * * *
The goblin shoots a stone.
The stone hits you.
You die...

#...g#.g# #. .....##...g#
#. ##### ####)# ####.
####?#
#....#########....## .#
##........##g..)##..# .#
#...[.....g..######.###.#
#.>.......#### #...#.#
.#......<.@# ###...#
...........# #####..###
.##........# #........#
#####.#### #.........
#...# #..#.#..#. ###.##
##......## #..# #..#.#..#
#.###.## ##......##
#......#####..######


You could see a goblin.

Vanquished Creatures
  An adder (D:2)
  A ball python (D:1)
  2 bats (D:1)
  5 endoplasms (D:1)
  2 giant cockroaches (D:1)
  7 goblins
  3 hobgoblins
  3 quokkas (D:1)
  A frilled lizard (D:1)
  2 kobolds
  2 rats
29 creatures vanquished.

Notes
Turn   | Place    | Note
-------+----------+-------------------------------------------
     0 | D:1      | Atelerd the Octopode Earth Elementalist began the quest for
                  | the Orb.
     0 | D:1      | Reached XP level 1. HP: 11/11 MP: 3/3
   165 | D:1      | Reached XP level 2. HP: 17/17 MP: 5/5
   173 | D:1      | Found a faded altar of an unknown god.
  1060 | D:2      | Noticed Robin
  1196 | D:2      | Reached XP level 3. HP: 12/21 MP: 2/6
  1742 | D:2      | Shot with a stone by a goblin

Illustrated notes

Levels and vault maps discovered:
D:1:      giann_forest_graveyard, layout_loops_ring, serial_forest,
          infiniplex_forest_lined_room_3, infiniplex_forest_zigzag_1,
          infiniplex_forest_end_1, infiniplex_forest_lined_3,
          infiniplex_forest_clump_small, infiniplex_forest_lined_room_3,
          infiniplex_forest_clump_long, ebering_ecumenical_altar_mist,
          minmay_cupped
D:2:      layout_rooms, basic_altar, serial_glass, glass_columns_c,
          glass_columns_a, chequers_arboretum, uniq_robin

Skill      XL: |  1  2  3 |
---------------+----------+-----
Transmutations | 2 |  2.0
Dodging        | |  2.0
Stealth        | |  2.6
Spellcasting   | |  2.6
Earth Magic    | |  3.5

Action                   || total
-------------------------++-------
Melee: Dagger            ||    28
       Tentacles         ||     8
       Constrict         ||     6
       Short sword       ||     4
 Cast: Sandblast         ||    24
 Stab: Sleeping          ||     8
Armor: Skin              ||     3
Dodge: Dodged            ||    29
